 Dungeon Crawl Stone Soup version 0.27-a0-686-gaed091b46b (webtiles) character file.

Game seed: 13100646978484142310

49 sylasv the Grave Robber (level 3, 0/19 HPs)
             Began as a Vampire Necromancer on Mar 20, 2021.
             Slain by a worker ant (2 damage)
             ... on level 3 of the Dungeon.
             The game lasted 00:15:15 (3652 turns).

sylasv the Grave Robber (Vampire Necromancer)       Turns: 3652, Time: 00:15:16

Health: 0/19       AC:  6    Str:  4 (7)  XL:     3   Next: 53%
Magic:  6/6        EV:  9    Int: 17 (18) God:
Gold:   127        SH:  0    Dex: 13 (14) Spells: 2/7 levels left

rFire    . . .     SeeInvis +   f - +0 whip
rCold    + + .     Faith    .   (no shield)
rNeg     + + +     Spirit   .   c - +0 ring mail
rPois    ∞         Reflect  .   i - +0 helmet
rElec    .         Harm     .   (no cloak)
rCorr    .         Rampage  .   (no gloves)
Will     .....                  (no boots)
Stlth    ++++......             (no amulet)
HPRegen  0.00/turn              (no ring)
MPRegen  0.10/turn              (no ring)

@: lethally poisoned (0 -> 0), bloodless
A: bloodless, fangs 3, see invisible, unbreathing 1, vampiric 2
a: Bat Form, Revivify


You were on level 3 of the Dungeon.
You visited 1 branch of the dungeon, and saw 3 of its levels.

You collected 127 gold pieces.

Inventory:

Hand Weapons
 b - a +0 dagger
 e - a +0 hunting sling
 f - a +0 whip (weapon)
Missiles
 d - 18 arrows
 h - 29 stones (quivered)
Armour
 a - a +0 robe
 c - a +0 ring mail (worn)
 i - a +0 helmet (worn)
 j - a +0 ring mail
 l - a +0 robe
Scrolls
 g - a scroll of enchant armour {unknown}


   Skills:
 + Level 0.2 Fighting
 + Level 0.2 Armour
 + Level 2.4 Dodging
 + Level 3.0 Stealth
 + Level 0.7 Unarmed Combat
 + Level 2.5 Spellcasting
 + Level 5.1 Necromancy


You had 2 spell levels left.
You knew the following spells:

 Your Spells              Type           Power      Damage    Failure   Level
a - Pain                  Necr           76%        1d7       13%         1
b - Animate Skeleton      Necr           38%        N/A       13%         1
c - Vampiric Draining     Necr           9%         2d7       36%         3

Your spell library contained the following spells:

 Spells                   Type           Power      Damage    Failure   Level
 Animate Dead             Necr           9%         N/A       78%         4
 Agony                    Necr           19%        N/A       98%         5


Dungeon Overview and Level Annotations

Branches:
Dungeon (3/15)

Altars:
Nemelex Xobeh

Annotations:
D:3 1 runed translucent door


Innate Abilities, Weirdness & Mutations

You do not regenerate when monsters are visible.
You are frail without blood (-20% HP).
You can heal yourself when you bite living creatures.
You are immune to poison.
You have razor-sharp teeth.
You have supernaturally acute eyesight. (SInv)
You can survive without breathing.
You are afflicted with vampirism and can become a bat while bloodless.


Message History

The worker ant bites you.
You hit the worker ant but do no damage.
The worker ant bites you but does no damage.
You hit the worker ant.
The worker ant is lightly wounded.
The worker ant barely misses you. x2
You completely miss the worker ant.
You punch the worker ant, but do no damage.
The worker ant is lightly wounded.
The worker ant bites you.
You closely miss the worker ant.
The worker ant is lightly wounded.
The worker ant bites you.
You barely miss the worker ant.
The worker ant is lightly wounded.
The worker ant bites you but does no damage.
You hit the worker ant.
The worker ant is lightly wounded.
The worker ant closely misses you. The worker ant barely misses you.
You hit the worker ant.
The worker ant is moderately wounded.
The worker ant bites you but does no damage.
You hit the worker ant but do no damage.
The worker ant is moderately wounded.
The worker ant bites you but does no damage.
You hit the worker ant.
The worker ant is heavily wounded.
The worker ant bites you.
* * * LOW HITPOINT WARNING * * *
The worker ant barely misses you.
You hit the worker ant.
The worker ant is severely wounded.
The worker ant bites you.
* * * LOW HITPOINT WARNING * * *
It was a potion of cancellation.
You feel magically purged.
The worker ant bites you but does no damage.
You hit the worker ant but do no damage.
The worker ant is severely wounded.
The worker ant barely misses you. The worker ant bites you.
You die...

. . ......?..# .#
#........ ...####
#.((.... ......###
#......: .####...#
#...... .<....#.###
#.....
......#...#####..##
......##.......B@.#
......##..........#
##.#####..........#
#.# #..........#
..# ############
..##


You could see a worker ant.

Vanquished Creatures
  An adder (D:2)
  An ooze (D:1)
  A worm (D:3)
  2 leopard geckos
  2 orcs (D:3)
  3 bats
  A giant cockroach (D:1)
  4 goblins
  A hobgoblin (D:1)
  2 jackals (D:1)
  3 kobolds
  2 quokkas
  4 rats
27 creatures vanquished.

Notes
Turn   | Place    | Note
-------+----------+-------------------------------------------
     0 | D:1      | sylasv the Vampire Necromancer began the quest for the Orb.
     0 | D:1      | Reached XP level 1. HP: 13/13 MP: 3/3
  1245 | D:1      | Reached XP level 2. HP: 18/19 MP: 3/5
  1496 | D:1      | Learned a level 1 spell: Animate Skeleton
  2134 | D:2      | Reached skill level 5 in Necromancy
  2134 | D:2      | Gained mutation: You are afflicted with vampirism and can
                  | become a bat while bloodless. [Vampire growth]
  2134 | D:2      | Reached XP level 3. HP: 13/24 MP: 0/6
  2727 | D:2      | Found a sparkling altar of Nemelex Xobeh.
  2854 | D:2      | Learned a level 3 spell: Vampiric Draining
  3273 | D:3      | Found a runed translucent door.
  3652 | D:3      | Slain by a worker ant

Illustrated notes

Levels and vault maps discovered:
D:1:      dpeg_arrival_signposts, layout_loops_ring
D:2:      layout_rooms, nemelex_xobeh_ov_fountains_minmay, serial_shops, shop
D:3:      layout_rooms, nicolae_ru_awakened_eye, gammafunk_ghost_grave

Skill      XL: |  1  2 |
---------------+-------+-----
Necromancy     | 5 |  5.1
Fighting       | |  0.2
Armour         | |  0.2
Dodging        | |  2.4
Stealth        | |  3.0
Unarmed Combat | |  0.7
Spellcasting   | |  2.5

Action                   || total
-------------------------++-------
Melee: Unarmed           ||    43
       Bite              ||     7
       Whip              ||    39
       Punch             ||     1
 Fire: Hunting sling     ||     4
Throw: Stone             ||     3
 Cast: Pain              ||    50
 Abil: Exsanguinate      ||     1
  Use: Potion            ||     4
Armor: Ring mail         ||    37
Dodge: Dodged            ||    50

Table legend: (Time is in decaauts)
 A = Elapsed time spent in this place.
 B = Non-inter-level travel time spent in this place.
 C = Inter-level travel time spent in this place.
 D = Time resting spent in this place.
 E = Time spent auto-exploring this place.
 F = Levels seen in this place.
 G = Mean time per level.
                   A        B        C        D        E       F      G
               +--------+--------+--------+--------+--------+-----+--------+
         Total |   3659 |   2901 |    758 |   2498 |     38 |   3 | 1219.7 |
       Dungeon |   3659 |   2901 |    758 |   2498 |     38 |   3 | 1219.7 |
               +--------+--------+--------+--------+--------+-----+--------+

Top non-repeatable levels by time:
     D:1: 2178 daAuts
     D:2: 1195 daAuts
     D:3: 285 daAuts
